[Event "28th Bosnjaci Open 2024"]
[Site "Bosnjaci"]
[Date "2024.01.07"]
[Round "7.3"]
[White "Plenkovic, Zdenko"]
[Black "Sajin, Mirko"]
[Result "1-0"]
[ECO "A16"]
[WhiteElo "2335"]
[BlackElo "2299"]
[Annotator "RC"]
[PlyCount "75"]
[EventDate "2024.01.02"]
[EventType "swiss"]
[EventCountry "CRO"]
[SourceTitle "playchess.com"]
[Source "ChessBase"]
[SourceQuality "1"]
[TimeControl "5400+30"]

1. g3 Nf6 2. Bg2 d5 3. Nf3 g6 4. O-O Bg7 5. c4 O-O 6. cxd5 Nxd5 7. Nc3 Nb6 8. d3 Nc6 9. Be3 Bf5 10. Qd2 e5 11. Rfc1 Ne7 12. Bh6 f6 13. Bxg7 Kxg7 14. d4 Nc6 15. dxe5 fxe5 16. Qxd8 Raxd8 17. Ng5 Rd2 18. Bxc6 bxc6 19. Nf3 Rxb2 20. Nxe5 c5 21. f4 Rd8 22. Kf2 Rdd2 23. Nf3 Rdc2 24. Ne1 Rd2 25. Rd1 Nc4 26. Rxd2 Nxd2 27. Nd1 Rb6 28. Rc1 Ne4+ 29. Kf3 Re6 30. Nc3 Nf6 31. Nd3 Ng4 32. e4 h5 33. h3 Rd6 34. hxg4 Rxd3+ 35. Ke2 Rxg3 36. gxf5 gxf5 37. e5 h4 38. Kf2 1-0

[Event "28th Bosnjaci Open 2024"]
[Site "Bosnjaci"]
[Date "2024.01.07"]
[Round "7.4"]
[White "Hadzovic, Amir"]
[Black "Culum, Sanjin"]
[Result "0-1"]
[ECO "B25"]
[WhiteElo "2307"]
[BlackElo "2349"]
[Annotator "RC"]
[PlyCount "104"]
[EventDate "2024.01.02"]
[EventType "swiss"]
[EventCountry "CRO"]
[SourceTitle "playchess.com"]
[Source "ChessBase"]
[SourceQuality "1"]
[TimeControl "5400+30"]

1. e4 c5 2. Nc3 Nc6 3. Nge2 Nf6 4. g3 g6 5. Bg2 Bg7 6. O-O O-O 7. d3 d6 8. f4 Rb8 9. h3 Nd7 10. g4 b5 11. Ng3 Nd4 12. Nd5 b4 13. Ne3 a5 14. a4 Ba6 15. Bd2 b3 16. Bc3 bxc2 17. Nxc2 Qb6 18. Ne3 c4 19. Nd5 Qc5 20. Nxe7+ Kh8 21. Kh1 cxd3 22. Rc1 Nc2 23. Bxg7+ Kxg7 24. Qd2 Rfe8 25. Nd5 Nb6 26. Nxb6 Rxb6 27. f5 Qe5 28. Nh5+ Kh8 29. fxg6 fxg6 30. Qh6 Qe7 31. Nf6 Reb8 32. Nxh7 Qg7 33. Qxg7+ Kxg7 34. Ng5 Bc4 35. Rf2 Rxb2 36. Bf1 Ne3 37. Rxb2 Rxb2 38. Bxd3 Bxd3 39. Rc6 Nf1 40. Rxd6 Ng3+ 41. Kg1 Bf1 42. Ne6+ Kf6 43. Nf4+ Ke5 44. Nd3+ Bxd3 45. Rxd3 Nxe4 46. Rf3 Rb4 47. h4 Nd2 48. Re3+ Re4 49. Rxe4+ Nxe4 50. Kg2 Nc5 51. h5 gxh5 52. gxh5 Nxa4 0-1

[Event "28th Bosnjaci Open 2024"]
[Site "Bosnjaci"]
[Date "2024.01.07"]
[Round "7.5"]
[White "Milovic, Jovan"]
[Black "Kovacevic, Blazimir"]
[Result "1-0"]
[ECO "A00"]
[WhiteElo "2223"]
[BlackElo "2381"]
[Annotator "RC"]
[PlyCount "119"]
[EventDate "2024.01.02"]
[EventType "swiss"]
[EventCountry "CRO"]
[SourceTitle "playchess.com"]
[Source "ChessBase"]
[SourceQuality "1"]
[TimeControl "5400+30"]

1. g3 e5 2. Bg2 d5 3. d4 e4 4. c4 c6 5. Nc3 Nf6 6. Bg5 Bb4 7. Qb3 Bxc3+ 8. bxc3 Nbd7 9. cxd5 cxd5 10. Qa3 Nb6 11. f3 exf3 12. Nxf3 h6 13. Bxf6 Qxf6 14. O-O Qe7 15. Qxe7+ Kxe7 16. Ne5 Be6 17. e4 dxe4 18. Bxe4 Rac8 19. Rae1 Rxc3 20. d5 Bh3 21. d6+ Ke6 22. Bf5+ Bxf5 23. Ng6+ Kxd6 24. Nxh8 Be6 25. Nxf7+ Kd7 26. Rd1+ Ke7 27. Ne5 Bxa2 28. Ng6+ Ke6 29. Nf4+ Ke7 30. Ng6+ Ke6 31. Rfe1+ Kf7 32. Rd6 Nd5 33. Ne5+ Kg8 34. Rd8+ Kh7 35. Rd7 Nf6 36. Rxb7 Bd5 37. Rb2 a5 38. Rd2 a4 39. Nd7 Bb3 40. Nxf6+ gxf6 41. Re7+ Kg6 42. Ra7 Rc6 43. Kg2 h5 44. Kf3 Rc3+ 45. Kf2 Rc6 46. Ra5 Rc1 47. Rd6 Rc2+ 48. Ke3 Rxh2 49. Raa6 Kg5 50. Rxf6 Kg4 51. Ra5 Bd1 52. Rf1 Bb3 53. Rf4+ Kxg3 54. Rg5+ Kh3 55. Rxh5+ Kg3 56. Rg5+ Kh3 57. Rf8 Kh4 58. Rg7 Bd1 59. Rh8+ Bh5 60. Rxh5+ 1-0

[Event "28th Bosnjaci Open 2024"]
[Site "Bosnjaci"]
[Date "2024.01.07"]
[Round "7.6"]
[White "Rosic, Slavko S"]
[Black "Muratovic, Efim"]
[Result "0-1"]
[ECO "B08"]
[WhiteElo "2231"]
[BlackElo "2345"]
[Annotator "ChessBase"]
[PlyCount "102"]
[EventDate "2024.01.02"]
[EventType "swiss"]
[EventCountry "CRO"]
[TimeControl "5400+30"]

1. e4 g6 2. d4 Bg7 3. Nf3 d6 4. Bc4 Nf6 5. Nc3 c6 6. a4 O-O 7. O-O d5 8. exd5 cxd5 9. Be2 Nc6 10. Ne5 Qb6 11. Nxc6 Qxc6 12. Bf4 a6 13. Be5 Rd8 14. Bf3 Be6 15. Qe2 Rac8 16. h3 Bh6 17. a5 Ne8 18. Bg4 Bxg4 19. Qxg4 Nd6 20. Bf4 Bg7 21. Rfd1 Nc4 22. Ra2 e6 23. Rd3 Rd7 24. b3 Nd6 25. Na4 Re8 26. Nb6 Rdd8 27. Qf3 Nf5 28. Qd1 h6 29. g4 Nd6 30. f3 Nc8 31. Na4 Qb5 32. Qd2 Kh7 33. Kg2 Ne7 34. Nb6 Nc6 35. Ra4 e5 36. dxe5 Nxe5 37. Bxe5 Rxe5 38. f4 Re7 39. Kg3 d4 40. Nc4 Qe8 41. Rf3 Kg8 42. Ne5 g5 43. Nd3 Re2 44. Qd1 Rc8 45. Rc4 Rxc4 46. bxc4 Qe4 47. Qc1 Bf6 48. Nc5 Qe7 49. Nd3 gxf4+ 50. Rxf4 Bg5 51. Qf1 Bh4+ 0-1

[Event "28th Bosnjaci Open 2024"]
[Site "Bosnjaci"]
[Date "2024.01.07"]
[Round "7.7"]
[White "Alimpic, Aleksa"]
[Black "Ljikar, Zoran"]
[Result "0-1"]
[ECO "A85"]
[WhiteElo "2282"]
[BlackElo "2200"]
[Annotator "RC"]
[PlyCount "82"]
[EventDate "2024.01.02"]
[EventType "swiss"]
[EventCountry "CRO"]
[SourceTitle "playchess.com"]
[Source "ChessBase"]
[SourceQuality "1"]
[TimeControl "5400+30"]

1. d4 f5 2. Nf3 d6 3. Bf4 Nf6 4. e3 g6 5. c4 Bg7 6. Nc3 O-O 7. c5 c6 8. Bc4+ Kh8 9. O-O b5 10. Bb3 a5 11. a4 b4 12. Ne2 Ne4 13. Ng3 Na6 14. cxd6 exd6 15. Rc1 Bd7 16. Nd2 Nxd2 17. Qxd2 Qe7 18. Ne2 Nc7 19. h3 Ne6 20. Bxe6 Qxe6 21. d5 Qxd5 22. Qxd5 cxd5 23. Bxd6 Rfc8 24. b3 Be6 25. Nd4 Bd7 26. f4 Kg8 27. Kf2 Kf7 28. Ke2 Bxd4 29. exd4 Ke6 30. Rxc8 Bxc8 31. Bc5 Ba6+ 32. Kf2 Bxf1 33. Kxf1 Kd7 34. Kf2 Kc6 35. g3 Re8 36. h4 Re4 37. Ba7 h6 38. Bc5 g5 39. fxg5 hxg5 40. h5 f4 41. g4 Re3 0-1

[Event "28th Bosnjaci Open 2024"]
[Site "Bosnjaci"]
[Date "2024.01.07"]
[Round "7.10"]
[White "Jocev, Milan"]
[Black "Car, Filip"]
[Result "1/2-1/2"]
[ECO "E05"]
[WhiteElo "2376"]
[BlackElo "2127"]
[Annotator "RC"]
[PlyCount "83"]
[EventDate "2024.01.02"]
[EventType "swiss"]
[EventCountry "CRO"]
[SourceTitle "playchess.com"]
[Source "ChessBase"]
[SourceQuality "1"]
[TimeControl "5400+30"]

1. d4 Nf6 2. c4 e6 3. g3 d5 4. Nf3 Be7 5. Bg2 O-O 6. O-O dxc4 7. Na3 Bxa3 8. bxa3 Bd7 9. Qc2 Bc6 10. Qxc4 Nbd7 11. Bg5 h6 12. Bf4 Nb6 13. Qd3 Be4 14. Qb3 c6 15. a4 Bxf3 16. Bxf3 Qxd4 17. a5 Nbd5 18. Rfd1 Qc3 19. Qxc3 Nxc3 20. Rdc1 Ncd5 21. Be5 Rac8 22. e4 Ne7 23. Bd6 Rfe8 24. Rab1 b5 25. axb6 axb6 26. Rxb6 Ra8 27. Bxe7 Rxe7 28. Rbxc6 Ra3 29. e5 Rxf3 30. exf6 Ra7 31. Rc8+ Kh7 32. R1c7 Rxa2 33. Rxf7 Rxf6 34. Rxf6 gxf6 35. Rc6 Ra1+ 36. Kg2 Re1 37. h4 h5 38. Kf3 Kg6 39. Rc8 e5 40. Rg8+ Kf7 41. Rh8 Kg6 42. Rg8+ 1/2-1/2

[Event "28th Bosnjaci Open 2024"]
[Site "Bosnjaci"]
[Date "2024.01.07"]
[Round "7.11"]
[White "Saric, Kristina"]
[Black "Biti, Ozren"]
[Result "1/2-1/2"]
[ECO "C64"]
[WhiteElo "2111"]
[BlackElo "2308"]
[Annotator "RC"]
[PlyCount "36"]
[EventDate "2024.01.02"]
[EventType "swiss"]
[EventCountry "CRO"]
[SourceTitle "playchess.com"]
[Source "ChessBase"]
[SourceQuality "1"]
[TimeControl "5400+30"]

1. e4 e5 2. Nf3 Nc6 3. Bb5 Bc5 4. c3 f5 5. O-O fxe4 6. Nxe5 Nxe5 7. Qh5+ Ng6 8. Qxc5 c6 9. Be2 Qe7 10. Qe3 Nf6 11. d3 O-O 12. dxe4 Qxe4 13. Qxe4 Nxe4 14. Nd2 Nxd2 15. Bxd2 d5 16. Rfe1 Bf5 17. Bf1 Rfe8 18. Re3 Rxe3 1/2-1/2

[Event "28th Bosnjaci Open 2024"]
[Site "Bosnjaci"]
[Date "2024.01.07"]
[Round "7.12"]
[White "Cupic, Lovro"]
[Black "Berke, Ana"]
[Result "1/2-1/2"]
[ECO "B76"]
[WhiteElo "2265"]
[BlackElo "2092"]
[Annotator "RC"]
[PlyCount "120"]
[EventDate "2024.01.02"]
[EventType "swiss"]
[EventCountry "CRO"]
[SourceTitle "playchess.com"]
[Source "ChessBase"]
[SourceQuality "1"]
[TimeControl "5400+30"]

1. e4 c5 2. Nf3 d6 3. d4 cxd4 4. Nxd4 Nf6 5. Nc3 g6 6. Be3 Bg7 7. Qd2 Nc6 8. f3 O-O 9. O-O-O d5 10. exd5 Nxd5 11. Nxc6 bxc6 12. Bd4 Nxc3 13. Qxc3 Bh6+ 14. Be3 Bxe3+ 15. Qxe3 Qb6 16. Qxe7 Be6 17. Bd3 Rab8 18. Qf6 Bxa2 19. h4 Qe3+ 20. Rd2 Rfe8 21. h5 Re6 22. Qh4 g5 23. Qf2 a5 24. Qxe3 Rxe3 25. Re2 Rxe2 26. Bxe2 Bd5 27. Rd1 Re8 28. Kd2 Rb8 29. b3 h6 30. Ra1 Ra8 31. b4 a4 32. c4 Be6 33. Kc3 Kg7 34. Ra2 Kf6 35. Kd4 a3 36. Kc5 Ra6 37. b5 cxb5 38. Kxb5 Ra8 39. Kb4 Ke5 40. Rxa3 Rxa3 41. Kxa3 Kd4 42. Kb4 Ke3 43. Bd1 Kf2 44. g4 f5 45. gxf5 Bxf5 46. c5 Ke1 47. Bb3 Ke2 48. Bd5 Ke3 49. Kc4 Bd3+ 50. Kc3 Bf5 51. c6 g4 52. fxg4 Bxg4 53. Kc4 Kf4 54. Kd4 Kf5 55. c7 Kf6 56. Be4 Bc8 57. Kd5 Ke7 58. Ke5 Kd7 59. Kf6 Kxc7 60. Bf3 Bd7 1/2-1/2

[Event "28th Bosnjaci Open 2024"]
[Site "Bosnjaci"]
[Date "2024.01.07"]
[Round "7.13"]
[White "Cvitan, Ena"]
[Black "Sundac, Ivano"]
[Result "1-0"]
[ECO "D02"]
[WhiteElo "2242"]
[BlackElo "2070"]
[Annotator "RC"]
[PlyCount "59"]
[EventDate "2024.01.02"]
[EventType "swiss"]
[EventCountry "CRO"]
[SourceTitle "playchess.com"]
[Source "ChessBase"]
[SourceQuality "1"]
[TimeControl "5400+30"]

1. d4 d5 2. Nf3 Nf6 3. Bf4 c5 4. e3 Nc6 5. Nbd2 cxd4 6. exd4 Bf5 7. Bb5 e6 8. Ne5 Qb6 9. c4 Bb4 10. O-O O-O 11. Bxc6 bxc6 12. c5 Qa6 13. Nb3 Rac8 14. g4 Bg6 15. h4 h6 16. Nxg6 fxg6 17. Bd6 Rf7 18. f3 g5 19. hxg5 hxg5 20. Rf2 Ba5 21. Qe2 Qxe2 22. Rxe2 Bc7 23. Bxc7 Rfxc7 24. Rxe6 Kf7 25. Rae1 Rb8 26. R1e2 Rb4 27. Kg2 a5 28. Nxa5 Rxd4 29. Rxc6 Ra7 30. Rxf6+ 1-0

[Event "28th Bosnjaci Open 2024"]
[Site "Bosnjaci"]
[Date "2024.01.07"]
[Round "7.15"]
[White "Goric, Esad"]
[Black "Tomas, Ante"]
[Result "1/2-1/2"]
[ECO "D11"]
[WhiteElo "2196"]
[BlackElo "2014"]
[Annotator "RC"]
[PlyCount "76"]
[EventDate "2024.01.02"]
[EventType "swiss"]
[EventCountry "CRO"]
[SourceTitle "playchess.com"]
[Source "ChessBase"]
[SourceQuality "1"]
[TimeControl "5400+30"]

1. Nf3 d5 2. c4 c6 3. d4 Nf6 4. Qc2 g6 5. e3 Bg7 6. Be2 O-O 7. O-O Bf5 8. Qb3 Qb6 9. Nc3 Qxb3 10. axb3 Nbd7 11. h3 h5 12. Nh4 Bc2 13. b4 e5 14. c5 exd4 15. exd4 Ne4 16. Nf3 a6 17. Ne1 Nxc3 18. bxc3 Bf5 19. Be3 Rfe8 20. Bd3 Be4 21. Bxe4 Rxe4 22. Nd3 Kh7 23. Nc1 Nf8 24. Nb3 Rae8 25. Na5 R8e7 26. Rfe1 Bh6 27. Kf1 f5 28. Bxh6 Kxh6 29. f3 Re3 30. Rxe3 Rxe3 31. Nxb7 Rxc3 32. Nd8 Rc4 33. Nxc6 Ne6 34. Rxa6 Nf4 35. g3 Rc1+ 36. Kf2 Rc2+ 37. Ke3 Ng2+ 38. Kd3 Ne1+ 1/2-1/2

[Event "28th Bosnjaci Open 2024"]
[Site "Bosnjaci"]
[Date "2024.01.07"]
[Round "7.16"]
[White "Maddipati, Srihas"]
[Black "Markovic, Franjo-Josip"]
[Result "0-1"]
[ECO "C59"]
[WhiteElo "1640"]
[BlackElo "2194"]
[Annotator "RC"]
[PlyCount "72"]
[EventDate "2024.01.02"]
[EventType "swiss"]
[EventCountry "CRO"]
[SourceTitle "playchess.com"]
[Source "ChessBase"]
[SourceQuality "1"]
[TimeControl "5400+30"]

1. e4 e5 2. Nf3 Nc6 3. Bc4 Nf6 4. Ng5 d5 5. exd5 Na5 6. Bb5+ c6 7. dxc6 bxc6 8. Be2 h6 9. Nf3 e4 10. Ne5 Bc5 11. c3 Qd5 12. d4 exd3 13. Nxd3 Bb6 14. O-O Bf5 15. b4 Nb7 16. Bf3 Ne4 17. Nd2 O-O-O 18. Nf4 Qe5 19. Nc4 Rxd1 20. Rxd1 Bxf2+ 21. Kf1 Qxc3 22. Bxe4 Bxe4 23. Kxf2 Qxa1 24. Re1 Qd4+ 25. Ne3 Bd3 26. Nxd3 Qxd3 27. Bb2 Re8 28. Bxg7 Nd6 29. Bxh6 Ne4+ 30. Kf3 Nd2+ 31. Kf2 Nc4 32. Rd1 Qe4 33. Nxc4 Qe2+ 34. Kg3 Rg8+ 35. Kf4 Rg4+ 36. Kf5 Qe6# 0-1

[Event "28th Bosnjaci Open 2024"]
[Site "Bosnjaci"]
[Date "2024.01.07"]
[Round "7.17"]
[White "Vucenovic, Damian"]
[Black "Konjevic, Nikola"]
[Result "1-0"]
[ECO "C54"]
[WhiteElo "2193"]
[BlackElo "2035"]
[Annotator "RC"]
[PlyCount "69"]
[EventDate "2024.01.02"]
[EventType "swiss"]
[EventCountry "CRO"]
[SourceTitle "playchess.com"]
[Source "ChessBase"]
[SourceQuality "1"]
[TimeControl "5400+30"]

1. e4 e5 2. Nf3 Nc6 3. Bc4 Bc5 4. c3 Nf6 5. d3 d6 6. Nbd2 a6 7. Nf1 h6 8. Bb3 Be6 9. Ng3 d5 10. exd5 Bxd5 11. O-O O-O 12. Bc2 Qd7 13. b4 Bd6 14. Re1 Be6 15. a4 Nh7 16. Bb2 b5 17. Ne4 f5 18. Nc5 Bxc5 19. bxc5 Qd5 20. d4 e4 21. Nh4 Ne7 22. g3 g5 23. Ng2 Qd7 24. h4 Nd5 25. f3 Nhf6 26. hxg5 hxg5 27. fxe4 Nxe4 28. Bxe4 fxe4 29. Rxe4 Qf7 30. Qd2 Qf6 31. Re5 Nf4 32. gxf4 gxf4 33. Qxf4 Qxf4 34. Nxf4 Rxf4 35. Rxe6 1-0

[Event "28th Bosnjaci Open 2024"]
[Site "Bosnjaci"]
[Date "2024.01.07"]
[Round "7.18"]
[White "Sipic, Hrvoje"]
[Black "Grgantov, Marin"]
[Result "0-1"]
[ECO "D02"]
[WhiteElo "2185"]
[BlackElo "1973"]
[Annotator "RC"]
[PlyCount "76"]
[EventDate "2024.01.02"]
[EventType "swiss"]
[EventCountry "CRO"]
[SourceTitle "playchess.com"]
[Source "ChessBase"]
[SourceQuality "1"]
[TimeControl "5400+30"]

1. Nf3 Nf6 2. d4 d5 3. Bf4 c5 4. e3 Nc6 5. Be2 cxd4 6. exd4 Bg4 7. c3 Bxf3 8. Bxf3 e6 9. Qb3 Qd7 10. a4 Be7 11. Nd2 O-O 12. O-O Rfc8 13. Rfe1 Bd6 14. Bg5 Ne8 15. a5 a6 16. Qa4 h6 17. Bh4 f5 18. c4 Qf7 19. cxd5 exd5 20. Bg3 f4 21. Bg4 fxg3 22. Be6 gxf2+ 23. Kh1 fxe1=Q+ 24. Rxe1 Qxe6 25. Rxe6 Kf7 26. Re1 Nf6 27. Nf3 Re8 28. Rf1 Re4 29. Qb3 Rb8 30. Ne5+ Bxe5 31. Qxd5+ Ke7 32. Qc5+ Bd6 33. Qf5 Nxd4 34. Qg6 Ne6 35. h3 Rc8 36. Rd1 Rc5 37. h4 Rxh4+ 38. Kg1 Re4 0-1

[Event "28th Bosnjaci Open 2024"]
[Site "Bosnjaci"]
[Date "2024.01.07"]
[Round "7.19"]
[White "Tukovic, Dario"]
[Black "Pehar, Borna"]
[Result "1-0"]
[ECO "D97"]
[WhiteElo "2132"]
[BlackElo "1906"]
[Annotator "RC"]
[PlyCount "157"]
[EventDate "2024.01.02"]
[EventType "swiss"]
[EventCountry "CRO"]
[SourceTitle "playchess.com"]
[Source "ChessBase"]
[SourceQuality "1"]
[TimeControl "5400+30"]

1. d4 Nf6 2. c4 g6 3. Nc3 d5 4. Nf3 Bg7 5. Qb3 dxc4 6. Qxc4 O-O 7. e4 Nc6 8. d5 Na5 9. Qa4 c6 10. Be3 Bd7 11. Qa3 cxd5 12. exd5 Bg4 13. Be2 Bxf3 14. Bxf3 Nc4 15. Qb4 Nxe3 16. fxe3 Ne8 17. O-O Nd6 18. e4 Rc8 19. Rfe1 Nc4 20. Rac1 Qb6+ 21. Qxb6 axb6 22. b3 Nb2 23. Nb5 Nd3 24. Rxc8 Rxc8 25. Rd1 Nc1 26. d6 exd6 27. Nxd6 Rc2 28. Nxb7 Be5 29. Nd6 Nxa2 30. Nc4 Bf4 31. g3 Bg5 32. h4 Bh6 33. e5 Rc3 34. Kg2 Rxb3 35. Rd8+ Bf8 36. Nd6 Nc3 37. Bc6 Rb2+ 38. Kf3 Kg7 39. Ne8+ Kg8 40. Nf6+ Kg7 41. h5 Bc5 42. Kg4 Rb4+ 43. Kh3 Ne2 44. Rg8+ Kh6 45. Rh8 Rb2 46. Rxh7+ Kg5 47. Ne4+ Kf5 48. Rxf7+ Kxe5 49. Nxc5 Ng1+ 50. Kh4 Rh2+ 51. Kg5 Rxh5+ 52. Kxg6 Rh3 53. Nd7+ Kd6 54. Rf6+ Kc7 55. g4 Rg3 56. Ne5 Nh3 57. Kf5 Rg1 58. Nf3 Rg3 59. g5 b5 60. g6 b4 61. Ne5 b3 62. Be4 b2 63. Rc6+ Kd8 64. Rb6 Ke7 65. Rb7+ Kd6 66. Nc4+ Kc5 67. Nxb2 Ng5 68. Nd3+ Kd6 69. Rb6+ Ke7 70. Nf4 Kf8 71. Ne6+ Nxe6 72. Rxe6 Kg7 73. Re7+ Kf8 74. Rb7 Rg1 75. Kf6 Rf1+ 76. Bf5 Re1 77. Rb8+ Re8 78. g7+ Kg8 79. Rxe8# 1-0

[Event "28th Bosnjaci Open 2024"]
[Site "Bosnjaci"]
[Date "2024.01.07"]
[Round "7.20"]
[White "Bobanac, Miro"]
[Black "Maravic, Ivan"]
[Result "1-0"]
[ECO "A24"]
[WhiteElo "2238"]
[BlackElo "1991"]
[Annotator "RC"]
[PlyCount "179"]
[EventDate "2024.01.02"]
[EventType "swiss"]
[EventCountry "CRO"]
[SourceTitle "playchess.com"]
[Source "ChessBase"]
[SourceQuality "1"]
[TimeControl "5400+30"]

1. Nf3 Nf6 2. c4 g6 3. g3 Bg7 4. Bg2 O-O 5. O-O d6 6. Nc3 e5 7. d3 c6 8. Rb1 a5 9. a3 Re8 10. b4 axb4 11. axb4 d5 12. Bg5 h6 13. Bxf6 Bxf6 14. Qc2 Be6 15. Nd2 dxc4 16. Nxc4 Bxc4 17. dxc4 Qe7 18. Ne4 Na6 19. c5 Nc7 20. Rfd1 Nb5 21. Qb3 Red8 22. e3 Bg7 23. Bf1 Nc7 24. Bc4 Ne8 25. b5 Kf8 26. Rxd8 Rxd8 27. bxc6 bxc6 28. Qb7 Rd1+ 29. Kg2 Rxb1 30. Qxb1 f5 31. Nd6 Nxd6 32. cxd6 Qxd6 33. Qb7 Qe7 34. Qxc6 Bf6 35. Qd5 Qg7 36. h4 h5 37. Qa8+ Ke7 38. Qa3+ Kd8 39. Qa8+ Ke7 40. Qb7+ Kf8 41. Qc8+ Ke7 42. Bb5 Qh8 43. Qd7+ Kf8 44. Bc4 Qg7 45. Qc8+ Ke7 46. Qc5+ Kd8 47. Bb5 Qe7 48. Qb6+ Kc8 49. Qc6+ Kb8 50. Ba6 Ka7 51. Bc8 Kb8 52. Bd7 Ka7 53. Qb5 Qd6 54. Bc6 Qe7 55. Qa5+ Kb8 56. Qb6+ Kc8 57. Bd5 Kd7 58. Qc6+ Kd8 59. Kh2 e4 60. Kg2 Qg7 61. Qd6+ Ke8 62. Qb8+ Ke7 63. Qc8 Kd6 64. Qe6+ Kc7 65. Qe8 Kd6 66. Bf7 g5 67. hxg5 Bxg5 68. Qe6+ Kc7 69. Bxh5 Qf6 70. Qd5 Bh6 71. Bf7 Bg5 72. Be6 f4 73. exf4 Bxf4 74. gxf4 Qxf4 75. Qf5 Qh4 76. Qg4 Qh7 77. Bf5 Qh6 78. Bxe4 Qd2 79. Kg3 Qc3+ 80. f3 Qe1+ 81. Kf4 Qd2+ 82. Kf5 Qd7+ 83. Kg5 Qg7+ 84. Kh4 Qh6+ 85. Kg3 Qh1 86. Qg7+ Kb6 87. Qd4+ Kb5 88. f4 Qe1+ 89. Kg4 Qd1+ 90. Qxd1 1-0

[Event "28th Bosnjaci Open 2024"]
[Site "Bosnjaci"]
[Date "2024.01.08"]
[Round "8.1"]
[White "Plenkovic, Zdenko"]
[Black "Saric, Ante"]
[Result "1/2-1/2"]
[ECO "B83"]
[WhiteElo "2335"]
[BlackElo "2508"]
[Annotator "TA"]
[PlyCount "54"]
[EventDate "2024.01.02"]
[EventType "swiss"]
[EventCountry "CRO"]
[SourceTitle "playchess.com"]
[Source "ChessBase"]
[SourceQuality "1"]
[TimeControl "5400+30"]

1. e4 c5 2. Nf3 e6 3. d4 cxd4 4. Nxd4 Nf6 5. Nc3 Nc6 6. a3 d6 7. Be2 Be7 8. O-O {[%emt 0:00:58] 8.Be3 is the fancy move.} O-O 9. Be3 e5 {[%emt 0:03:01] B83: Sicilian Scheveningen: 6 Be2, lines without ...a6.} 10. Nb3 Be6 11. Bf3 {[%emt 0:01:08] [#]} h6 $146 ({Predecessor:} 11... Rc8 12. Qd2 h6 13. h3 Re8 14. Nd5 Nh7 15. Rad1 Bg5 16. Bg4 Bxg4 17. hxg4 Ne7 {½-½ Efimenko,Z (2599)-Nguyen,T (2627) ROM-chT Oradea 2022 (1.3)}) 12. Nd5 Bxd5 13. exd5 Nb8 14. c4 Nbd7 15. Rc1 Ne8 16. Bd2 {[%emt 0:09:30] The position is equal.} a5 17. c5 dxc5 {[%emt 0:04:57] White must now prevent ...a4.} 18. d6 {[%emt 0:02:17][%mdl 64] Discovered Attack} Nxd6 {[%emt 0:01:43] Threatens to win with ...c4.} 19. Nxc5 Nxc5 20. Rxc5 {[%emt 0:00:04] [#]} Ne4 $1 {[%emt 0:05:43][%mdl 64] Discovered Attack, Double Attack} 21. Rc2 Nxd2 22. Rxd2 Qb6 23. Rd7 Rad8 24. Rxb7 Qxb7 25. Bxb7 Rxd1 26. Rxd1 Rb8 27. Rd7 Rd8 {[%emt 0:04:20] Weighted Error Value: White=0.07 (flawless) /Black=0.05 (flawless)} 1/2-1/2

[Event "28th Bosnjaci Open 2024"]
[Site "Bosnjaci"]
[Date "2024.01.08"]
[Round "8.2"]
[White "Zaja, Ivan"]
[Black "Culum, Sanjin"]
[Result "1/2-1/2"]
[ECO "D38"]
[WhiteElo "2419"]
[BlackElo "2349"]
[Annotator "RC"]
[PlyCount "52"]
[EventDate "2024.01.02"]
[EventType "swiss"]
[EventCountry "CRO"]
[SourceTitle "playchess.com"]
[Source "ChessBase"]
[SourceQuality "1"]
[TimeControl "5400+30"]

1. d4 Nf6 2. c4 e6 3. Nf3 d5 4. Nc3 Bb4 5. Qa4+ Nc6 6. e3 O-O 7. Qc2 a5 8. Bd2 Ne7 9. Bd3 b6 10. O-O Bb7 11. a3 Bxc3 12. Bxc3 dxc4 13. Bxc4 Nf5 14. Ne5 c5 15. dxc5 bxc5 16. Rad1 Qc7 17. b3 Nh4 18. f3 Nd5 19. Rfe1 Nxc3 20. Qxc3 Rfd8 21. e4 Ng6 22. Nxg6 hxg6 23. a4 Qb6 24. Kf2 Rd4 25. Rxd4 cxd4 26. Qd2 Ba6 1/2-1/2

[Event "28th Bosnjaci Open 2024"]
[Site "Bosnjaci"]
[Date "2024.01.08"]
[Round "8.3"]
[White "Muratovic, Efim"]
[Black "Fercec, Nenad"]
[Result "0-1"]
[ECO "D02"]
[WhiteElo "2345"]
[BlackElo "2410"]
[Annotator "RC"]
[PlyCount "140"]
[EventDate "2024.01.02"]
[EventType "swiss"]
[EventCountry "CRO"]
[SourceTitle "playchess.com"]
[Source "ChessBase"]
[SourceQuality "1"]
[TimeControl "5400+30"]

1. Nf3 d5 2. d4 Nc6 3. Bf4 Bg4 4. Nbd2 e6 5. e3 Bd6 6. Bg3 Nge7 7. c3 Nf5 8. Bd3 Nxg3 9. hxg3 e5 10. Qb3 Bxf3 11. gxf3 Ne7 12. O-O-O c6 13. dxe5 Bxe5 14. f4 Bd6 15. Qxb7 a5 16. e4 Rb8 17. Qa7 h6 18. f5 f6 19. Qe3 a4 20. f4 Qa5 21. Kc2 Bc5 22. Qe2 O-O 23. Rb1 dxe4 24. Qxe4 Nd5 25. Bc4 Kh8 26. Bxd5 cxd5 27. Qxd5 Rbd8 28. Qc6 Be3 29. Ne4 Qxf5 30. Rbe1 Bf2 31. g4 Qxf4 32. Rhf1 Qf3 33. Rxf2 Qd3+ 34. Kc1 a3 35. Rd2 axb2+ 36. Kxb2 Rb8+ 37. Ka1 Qf3 38. Qd6 Rfe8 39. Qd3 Qxg4 40. Rde2 Red8 41. Qc2 f5 42. Nd2 f4 43. Nb3 f3 44. Qe4 Qg3 45. Re3 Re8 46. Qxe8+ Rxe8 47. Rxe8+ Kh7 48. Rc1 Qf4 49. Ree1 g5 50. Nd4 f2 51. Re7+ Kg6 52. Rf1 g4 53. Re6+ Kf7 54. Ne2 Qf3 55. Re5 g3 56. Nxg3 Qxc3+ 57. Kb1 Qxe5 58. Rxf2+ Kg6 59. Rf3 h5 60. Kc1 h4 61. Nf1 Qe2 62. Nd2 Kg5 63. a4 Kg4 64. Rf8 h3 65. Rg8+ Kf5 66. Rf8+ Kg6 67. Nf3 Kg7 68. Rf5 h2 69. Nxh2 Qe1+ 70. Kb2 Qd2+ 0-1

[Event "28th Bosnjaci Open 2024"]
[Site "Bosnjaci"]
[Date "2024.01.08"]
[Round "8.4"]
[White "Zufic, Miroslav"]
[Black "Milovic, Jovan"]
[Result "0-1"]
[ECO "B06"]
[WhiteElo "2354"]
[BlackElo "2223"]
[Annotator "RC"]
[PlyCount "60"]
[EventDate "2024.01.02"]
[EventType "swiss"]
[EventCountry "CRO"]
[SourceTitle "playchess.com"]
[Source "ChessBase"]
[SourceQuality "1"]
[TimeControl "5400+30"]

1. e4 g6 2. d4 Bg7 3. Nf3 d6 4. Bc4 Nf6 5. Qe2 O-O 6. Bb3 e5 7. dxe5 dxe5 8. O-O Nc6 9. c3 Nh5 10. Rd1 Qe8 11. g3 Kh8 12. Kg2 f5 13. Na3 f4 14. h3 fxg3 15. fxg3 g5 16. Nxg5 Qg6 17. Rf1 Nf4+ 18. gxf4 exf4 19. Bxf4 Rxf4 20. Rxf4 Qxg5+ 21. Rg4 Bxg4 22. Qxg4 Qd2+ 23. Kh1 Qxb2 24. Rg1 Qxc3 25. Nc2 Qf6 26. Ne3 Ne5 27. Qh5 Qf4 28. Qf5 Qh6 29. Kh2 Qxe3 30. Rxg7 Nf3+ 0-1

[Event "28th Bosnjaci Open 2024"]
[Site "Bosnjaci"]
[Date "2024.01.08"]
[Round "8.5"]
[White "Ljikar, Zoran"]
[Black "Hadzovic, Amir"]
[Result "0-1"]
[ECO "D00"]
[WhiteElo "2200"]
[BlackElo "2307"]
[Annotator "RC"]
[PlyCount "104"]
[EventDate "2024.01.02"]
[EventType "swiss"]
[EventCountry "CRO"]
[SourceTitle "playchess.com"]
[Source "ChessBase"]
[SourceQuality "1"]
[TimeControl "5400+30"]

1. d4 Nf6 2. Nc3 d5 3. Bf4 e6 4. Nb5 Na6 5. e3 c6 6. Nc3 Bb4 7. Qd3 O-O 8. a3 Qa5 9. Rb1 Bxc3+ 10. Qxc3 Qxc3+ 11. bxc3 b6 12. h4 Bb7 13. a4 Nd7 14. Nf3 Rac8 15. h5 Nab8 16. h6 g6 17. a5 Ba6 18. Bxa6 Nxa6 19. Ne5 Nxe5 20. Bxe5 f6 21. Bd6 Rf7 22. axb6 Rb7 23. Ra1 Rxb6 24. Kd2 Rd8 25. Bg3 e5 26. Ra5 c5 27. Rha1 Nc7 28. Rxa7 Ne6 29. dxe5 f5 30. Re7 d4 31. cxd4 cxd4 32. Raa7 Rc6 33. Rad7 dxe3+ 34. fxe3 Rdc8 35. c4 g5 36. Rd6 Nc5 37. Rxc6 Rxc6 38. Rg7+ Kf8 39. Be1 Rxh6 40. Rc7 Ne4+ 41. Kd3 Rb6 42. Rxh7 Rb3+ 43. Kc2 Rb6 44. Ba5 Re6 45. Bc7 Rc6 46. Kd3 Kg8 47. Re7 Kf8 48. Bd6 Nxd6 49. Re6 Nxc4 50. Rxc6 Nxe5+ 51. Kd4 Nxc6+ 52. Kd5 Kf7 0-1